 Dungeon Sprint DCSS version 0.21.1-1-g345015f (webtiles) character file.

109 Fang the Skirmisher (level 4, -12/51 HPs)
             Began as a Gargoyle Berserker on July 9, 2018.
             Was an Elder of Trog.
             Killed from afar by a deep elf mage (23 damage)
             ... with a stone arrow
             ... in the Dungeon (Sprint VII: "The Pits") on July 10, 2018.
             The game lasted 00:01:27 (378 turns).

Fang the Skirmisher (Gargoyle Berserker)             Turns: 378, Time: 00:01:27

Health: -12/51     AC:  5    Str: 27    XL:     4   Next: 89%
Magic:  4/4        EV: 12    Int:  7    God:    Trog [****..]
Gold:   0          SH:  0    Dex:  9    Spells: 3/3 levels left

rFire    . . .     SeeInvis .   n - +2 hand axe (freeze)
rCold    . . .     Gourm    .   (no shield)
rNeg     + . .     Faith    .   b - +0 animal skin
rPois    ∞         Spirit   .   (no helmet)
rElec    +         Reflect  .   (no cloak)
rCorr    .         Harm     .   (no gloves)
MR       .....     NoTele   +   (no boots)
Stlth    ..........             (no amulet)
HPRegen  0.17/turn              (no ring)
MPRegen  0.09/turn              (no ring)

@: confused, berserking (expiring), very quick
A: negative energy resistance 1, electricity resistance, unbreathing,
petrification resistance, rot immunity, AC +3
a: Berserk, Trog's Hand, Brothers in Arms, Burn Spellbooks, Renounce Religion


You were in the Dungeon.
You worshipped Trog.
Trog was greatly pleased with you.
You were not hungry.

You visited 1 branch

Inventory:

Hand Weapons
 j - a +2 hand axe
 n - a +2 hand axe of freezing (weapon)
Armour
 b - a +0 animal skin (worn)
Scrolls
 i - a scroll of blinking
 l - 3 scrolls of remove curse
 m - a scroll of summoning
Potions
 d - 6 potions of curing
 e - 6 potions of heal wounds
 f - a potion of haste
 g - 4 potions of magic
 h - 3 potions of berserk rage
 k - 2 potions of invisibility
Comestibles
 c - 9 rations


   Skills:
 + Level 7.0 Fighting
 + Level 5.9 Axes
 + Level 3.7 Armour
 + Level 2.9 Dodging


You had 3 spell levels left.
You didn't know any spells.

Dungeon Overview and Level Annotations

Branches:
Dungeon (1/1)

Altars:
Cheibriados
Dithmenos
Elyvilon
Fedhas
Gozag
Hepliaklqana
Makhleb
Nemelex Xobeh
Okawaru
Qazlal
Ru
Sif Muna
Trog
Vehumet
Wu Jian
Xom
Yredelemnul
Zin
The Shining One
Beogh
Jiyva
Lugonu

Annotations:
D Sigmund


Innate Abilities, Weirdness & Mutations

You are resistant to torment.
Your stone body is resilient. (AC +3)
You are immune to poison.
You resist negative energy. (rN+)
You are resistant to electric shocks. (rElec)
You can survive without breathing.
You are immune to petrification.
You are immune to rotting.


Message History

The earth elemental hits you!!
You hear some strange, mumbled words.
You are confused.
The deep elf mage misses you.
You are too injured to fight recklessly!
Unknown command.
You are too injured to fight recklessly!
Unknown command.
You are too injured to fight recklessly!
Unknown command.
You are too injured to fight recklessly!
A magic dart appears from out of thin air!
The magic dart hits you!
* * * LOW HITPOINT WARNING * * *
You see here a worm corpse.
You're too confused to move!
You feel a strong urge to attack something.
The deep elf mage points at you and mumbles some strange words.
The stone arrow hits you!
You die...

#.#..#####.##......
#.#.†'...#.##......
#.#..'...'.##......
#.#†.########...<..
#.#..'[))..##......
#.#..#[))))##......
#'###########......
#.†EE...# #######
#†@e....# #..h#...#
#{.## ..# #... .#
#.... # #....
######


You could see 2 earth elementals, a deep elf mage and a black bear.

Vanquished Creatures
  A black bear (D)
  A worm (D)
  2 leopard geckos (D)
  An orc (D)
  A bat (D)
  2 quokkas (D)
  2 ball pythons (D)
  A kobold (D)
  A rat (D)
12 creatures vanquished.

Notes
Turn   | Place    | Note
-------+----------+-------------------------------------------
     0 | D        | Fang the Gargoyle Berserker began the quest for the Orb.
     0 | D        | Reached XP level 1. HP: 14/14 MP: 1/1
   155 | D        | Found a bloodstained altar of Trog.
   155 | D        | Found a deep blue altar of Sif Muna.
   155 | D        | Found a viscous altar of Jiyva.
   155 | D        | Found a hazy altar of Hepliaklqana.
   155 | D        | Found an opulent altar of Gozag.
   156 | D        | Found a glowing golden altar of the Shining One.
   156 | D        | Found a glowing silver altar of Zin.
   156 | D        | Found a basalt altar of Yredelemnul.
   156 | D        | Found a shimmering altar of Xom.
   156 | D        | Found an ornate altar of the Wu Jian Council.
   156 | D        | Found a sacrificial altar of Ru.
   156 | D        | Found a stormy altar of Qazlal.
   156 | D        | Found an iron altar of Okawaru.
   156 | D        | Found a sparkling altar of Nemelex Xobeh.
   156 | D        | Found a burning altar of Makhleb.
   156 | D        | Found a blossoming altar of Fedhas.
   156 | D        | Found a white marble altar of Elyvilon.
   156 | D        | Found a shadowy altar of Dithmenos.
   156 | D        | Found a snail-covered altar of Cheibriados.
   159 | D        | Found a corrupted altar of Lugonu.
   159 | D        | Found a radiant altar of Vehumet.
   159 | D        | Found a roughly hewn altar of Beogh.
   206 | D        | Reached ** piety under Trog
   206 | D        | Reached skill level 4 in Fighting
   248 | D        | Reached XP level 2. HP: 20/20 MP: 2/2
   253 | D        | Noticed a black bear
   258 | D        | Reached *** piety under Trog
   261 | D        | Killed a black bear
   261 | D        | Reached skill level 6 in Fighting
   261 | D        | Reached skill level 5 in Axes
   261 | D        | Reached XP level 3. HP: 28/28 MP: 3/3
   261 | D        | Reached XP level 4. HP: 32/32 MP: 4/4
   368 | D        | Noticed a deep elf mage
   368 | D        | Noticed Sigmund
   370 | D        | Noticed a black bear
   371 | D        | Noticed an earth elemental
   371 | D        | Noticed an earth elemental
   373 | D        | Reached **** piety under Trog
   373 | D        | Reached skill level 7 in Fighting
   378 | D        | Killed from afar by a deep elf mage

Skill      XL: |  1  2  3  4 |
---------------+-------------+-----
Axes           | 3 5 |  5.9
Fighting       | 4 6 7 |  7.0
Armour         | 3 |  3.7
Dodging        | 2 |  2.9

Action                   |  1- 3 |  4- 6 || total
-------------------------+-------+-------++-------
Melee: Hand axe          |    21 |     5 ||    26
Invok: Berserk           |     1 |     1 ||     2
Armor: Animal skin       |     9 |     1 ||    10
Dodge: Dodged            |    15 |     2 ||    17
